 Dungeon Crawl Stone Soup version 0.31-a0-1424-g2add1c7226 (webtiles) character file.

Game seed: 9608961280263240968

784 Sobieck the Basher (level 7, -2/105 HPs)
             Began as an Oni Berserker on Dec 26, 2023.
             Was a Believer of Trog.
             Slain by an ufetubus (3 damage)
             ... on level 6 of the Dungeon.
             The game lasted 00:05:19 (2814 turns).

Sobieck the Basher (Oni Berserker)                  Turns: 2814, Time: 00:05:20

Health: -2/105     AC:  4    Str: 24    XL:     7   Next: 86%
Magic:  7/7        EV: 10    Int:  8    God:    Trog [**....]
Gold:   145        SH:  0    Dex:  8    Spells: 6/6 levels left

rFire   . . .        a - +0 giant spiked club
rCold   . . .        (shield currently unavailable)
rNeg    . . .        b - +0 animal skin
rPois   .            (helmet restricted)
rElec   .            p - +0 cloak
rCorr   .            (gloves unavailable)
SInv    +            (boots unavailable)
Will    .....        (no amulet) Stlth
                     s - ring of see invisible
HPRegen 0.37/turn    (no ring)
MPRegen 0.10/turn

%: no passive effects
@: berserking, very quick
A: large, unfitting armour, horns 1, tough skin 1, double potion healing,
drunken brawling
a: Renounce Religion, Berserk, Trog's Hand


You were on level 6 of the Dungeon.
You worshipped Trog.
Trog was pleased with you.
You visited 1 branch of the dungeon, and saw 5 of its levels.

You collected 145 gold pieces.

Inventory:

Hand Weapons
 a - a +0 giant spiked club (weapon)
 f - a +0 mace
 l - a +2 mace of holy wrath
 r - a +2 whip of venom
Missiles
 j - 19 stones
 k - 11 poisoned darts
 t - 5 boomerangs (quivered)
Armour
 b - a +0 animal skin (worn)
 p - a +0 cloak (worn)
Jewellery
 s - a ring of see invisible (left hand)
Scrolls
 h - 2 scrolls of fear
 T - a scroll of teleportation
Potions
 c - a potion of magic {unknown}
 d - a potion of haste {unknown}
 e - 3 potions of heal wounds
 g - 2 potions of attraction
 i - a potion of curing {unknown}
 m - a potion of might
 o - a potion of mutation {unknown}


   Skills:
 - Level 4.0 Fighting
 + Level 9.1 Maces & Flails
 - Level 2.6 Dodging


You had 6 spell levels left.
You didn't know any spells.
Your spell library was empty.

Dungeon Overview and Level Annotations

Branches:
Dungeon (4/15)
 Temple: D:4-7

Altars:
Ru

Shops:
D:2 (


Innate Abilities, Weirdness & Mutations

You are too large for most types of armour.
You have a pair of small horns on your head.
You have tough skin. (AC +1)
You gain doubled healing and magic from potions.
Whenever you drink a healing potion, you attack all around you.


Message History

* * * LOW HITPOINT WARNING * * *
The ufetubus barely misses you. The ufetubus hits you.
* * * LOW HITPOINT WARNING * * *
The ufetubus hits you but does no damage.
Unknown command.
A red film seems to cover your vision as you go berserk!
You feel yourself moving faster!
You feel mighty!
The ufetubus hits you but does no damage.
The ufetubus barely misses you. The ufetubus hits you.
* * * LOW HITPOINT WARNING * * *
The ufetubus hits you.
* * * LOW HITPOINT WARNING * * *
The ufetubus closely misses you. The ufetubus hits you.
* * * LOW HITPOINT WARNING * * *
Unknown command.
You closely miss the ufetubus. Your headbutt misses the ufetubus.
The ufetubus completely misses you. The ufetubus closely misses you.
The ufetubus hits you.
* * * LOW HITPOINT WARNING * * *
The ufetubus hits you.
* * * LOW HITPOINT WARNING * * *
You miss the ufetubus. Your headbutt misses the ufetubus.
The ufetubus barely misses you.
The ufetubus hits you but does no damage. x2
The ufetubus closely misses you. The ufetubus barely misses you.
The ufetubus hits you but does no damage.
You barely miss the ufetubus. The ufetubus closely misses you.
The ufetubus barely misses you. x2; The ufetubus hits you.
* * * LOW HITPOINT WARNING * * *
The ufetubus hits you but does no damage.
The ufetubus closely misses you.
You barely miss the ufetubus. You headbutt the ufetubus.
The ufetubus is moderately wounded.
The ufetubus hits you.
* * * LOW HITPOINT WARNING * * *
The ufetubus hits you but does no damage.
The ufetubus closely misses you. The ufetubus hits you.
* * * LOW HITPOINT WARNING * * *
The ufetubus closely misses you.
The ufetubus hits you but does no damage.
You barely miss the ufetubus.
The ufetubus is moderately wounded.
The ufetubus hits you.
* * * LOW HITPOINT WARNING * * *
The ufetubus hits you.
* * * LOW HITPOINT WARNING * * *
The ufetubus misses you.
The ufetubus hits you but does no damage.
The ufetubus hits you.
You die...

# ###.....# ..
..#.....# #. #.###..##
#. #.# #..# ####.####.#
#..#######
##.......#.###.........
?...............######.
..#.5...###..# #@###.#
#..# #....5.# .#.....#
.....##.### ####.. ##..
#.. .... ## ### .....
.....#


You could see 2 ufetubi.

Vanquished Creatures
  Pikel (D:4)
  An ogre (D:4)
  A lemure (D:4)
  2 bombardier beetles
  2 orc priests (D:3)
  2 orc wizards
  An adder (D:2)
  3 worms
  A dart slug (D:2)
  6 orcs
  A ball python (D:1)
  5 endoplasms
  3 giant cockroaches
  4 goblins
  3 hobgoblins (D:2)
  2 jackals (D:3)
  3 kobolds
  A quokka (D:2)
  2 bats
  3 frilled lizards (D:1)
  5 rats
52 creatures vanquished.

Notes
Turn   | Place    | Note
-------+----------+-------------------------------------------
     0 | D:1      | Sobieck the Oni Berserker began the quest for the Orb.
     0 | D:1      | Reached XP level 1. HP: 24/24 MP: 1/1
   165 | D:1      | Found a faded altar of an unknown god.
   277 | D:1      | Reached XP level 2. HP: 32/32 MP: 2/2
   764 | D:2      | Reached skill level 4 in Maces & Flails
   809 | D:2      | Reached XP level 3. HP: 39/39 MP: 3/3
  1005 | D:2      | Found Duugoed's Weapon Shop.
  1431 | D:3      | Reached ** piety under Trog
  1561 | D:3      | Reached skill level 5 in Maces & Flails
  1561 | D:3      | Reached XP level 4. HP: 48/48 MP: 4/4
  1751 | D:3      | Reached XP level 5. HP: 54/54 MP: 5/5
  1823 | D:3      | Reached skill level 6 in Maces & Flails
  2128 | D:3      | Found a sacrificial altar of Ru.
  2311 | D:4      | Noticed an ogre
  2317 | D:4      | Killed an ogre
  2318 | D:4      | Reached XP level 6. HP: 62/62 MP: 6/6
  2443 | D:4      | Noticed Pikel
  2453 | D:4      | Killed Pikel
  2454 | D:4      | Reached skill level 8 in Maces & Flails
  2454 | D:4      | Reached XP level 7. HP: 55/70 MP: 7/7
  2682 | D:4      | Reached skill level 9 in Maces & Flails
  2775 | D:4      | You fall into a shaft and drop 2 floors!
  2814 | D:6      | HP: 2/105 [ufetubus (4)]
  2814 | D:6      | Slain by an ufetubus

Illustrated notes

Levels and vault maps discovered:
D:1:      elethiomel_arrival_quiet, layout_loops_ring,
          ebering_ecumenical_altar_box
D:2:      layout_basic, serial_shops, nicolae_shop_stone
D:3:      layout_basic, mainiacjoe_overflow_catwalk
D:4:      layout_cave_pods, uniq_crazy_yiuf_cottage, uniq_edmund, uniq_pikel,
          uniq_sigmund
D:6:      layout_loops_ring, nicolae_overflow_macrodata_refinement,
          gammafunk_ghost_necromancy

Skill      XL: |  1  2  3  4  5  6  7 |
---------------+----------------------+-----
Maces & Flails | 4 5 6 8 9 |  9.1
Fighting       | |  4.0
Dodging        | |  2.6

Action                     |  1- 3 |  4- 6 |  7- 9 || total
---------------------------+-------+-------+-------++-------
  Melee: Mace              |    73 |    36 |       ||   109
         Headbutt          |    13 |     7 |     5 ||    25
         Giant spiked club |       |    11 |    27 ||    38
  Throw: Dart              |       |     2 |       ||     2
         Boomerang         |       |     2 |       ||     2
 Invoke: Berserk           |     1 |     3 |     1 ||     5
    Use: Scroll            |       |     6 |       ||     6
 Armour: Animal skin       |    37 |    26 |    83 ||   146
  Dodge: Dodged            |    32 |    17 |    74 ||   123

Table legend: (Time is in decaauts)
 A = Elapsed time spent in this place.
 B = Non-inter-level travel time spent in this place.
 C = Inter-level travel time spent in this place.
 D = Time resting spent in this place.
 E = Time spent auto-exploring this place.
 F = Levels seen in this place.
 G = Mean time per level.
                   A        B        C        D        E       F      G
               +--------+--------+--------+--------+--------+-----+--------+
         Total |   2878 |   2633 |    245 |    515 |   1673 |   5 |  575.6 |
       Dungeon |   2878 |   2633 |    245 |    515 |   1673 |   5 |  575.6 |
               +--------+--------+--------+--------+--------+-----+--------+

Top non-repeatable levels by time:
     D:3: 913 daAuts
     D:1: 751 daAuts
     D:2: 679 daAuts
     D:4: 490 daAuts
     D:6: 43 daAuts
